 Dungeon Crawl Stone Soup version 0.27-a0-531-gb72ec1a1b6 (webtiles) character file.

Game seed: 6902528905944409755

61 jasper the Sneak (level 3, -1/16 HPs)
             Began as a Spriggan Necromancer on Mar 5, 2021.
             Slain by a gnoll
             ... wielding a +0 spear
              (11 damage)
             ... on level 2 of the Dungeon.
             The game lasted 00:03:20 (2963 turns).

jasper the Sneak (Spriggan Necromancer)             Turns: 2963, Time: 00:03:21

Health: -1/16      AC:  2    Str:  4    XL:     3   Next: 83%
Magic:  8/8        EV: 17    Int: 17    God:
Gold:   56         SH:  0    Dex: 15    Spells: 5/7 levels left

rFire    . . .     SeeInvis +   g - +0 short sword
rCold    . . .     Faith    .   (shield restricted)
rNeg     . . .     Spirit   .   a - +0 robe
rPois    .         Reflect  .   (helmet restricted)
rElec    .         Harm     .   (no cloak)
rCorr    .         Rampage  .   (gloves unavailable)
Will     .....                  (boots unavailable)
Stlth    +++.......             (no amulet)
HPRegen  0.05/turn              (no ring)
MPRegen  0.11/turn              (no ring)

@: very quick
A: very small, unfitting armour, see invisible, speed 3
a: no special abilities


You were on level 2 of the Dungeon.
You visited 1 branch of the dungeon, and saw 2 of its levels.

You collected 56 gold pieces.

Inventory:

Hand Weapons
 g - a +0 short sword (weapon)
Missiles
 k - 8 poisoned darts (quivered)
Armour
 a - a +0 robe (worn)
Wands
 l - a wand of iceblast (6)
Scrolls
 c - a scroll of enchant armour {unknown}
 d - a scroll of identify {unknown}
 h - a scroll of random uselessness {unknown}
 i - a scroll of noise {unknown}
 m - a scroll of blinking {unknown}
Potions
 b - a potion of degeneration {unknown}
 e - 2 potions of ambrosia {unknown}
 f - 2 potions of curing {unknown}
 j - a potion of resistance {unknown}


   Skills:
 + Level 2.6 Short Blades
 - Level 2.6 Dodging
 + Level 5.1 Stealth
 - Level 2.6 Spellcasting
 - Level 3.6 Necromancy


You had 5 spell levels left.
You knew the following spells:

 Your Spells              Type           Power      Damage    Failure   Level
a - Pain                  Necr           56%        1d6       4%          1
b - Animate Skeleton      Necr           28%        N/A       4%          1

Your spell library contained the following spells:

 Spells                   Type           Power      Damage    Failure   Level
 Vampiric Draining        Necr           7%         2d7       12%         3
 Animate Dead             Necr           7%         N/A       38%         4
 Agony                    Necr           14%        N/A       75%         5


Dungeon Overview and Level Annotations

Branches:
Dungeon (2/15)

Altars:


Innate Abilities, Weirdness & Mutations

You are very small and have problems with some larger weapons.
You are too small for most types of armour.
You have supernaturally acute eyesight. (SInv)
You cover ground extremely quickly. (Speed+++)


Message History

Press: ? - help, Q - select action, (/) - cycle Shift-Dir - straight line, f - gnoll
Aim: a gnoll, wielding a +0 spear (61% to hit)
You throw a poisoned dart. The poisoned dart hits the gnoll.
Throw: 14 darts (poison)
Press: ? - help, Q - select action, (/) - cycle Shift-Dir - straight line, f - gnoll
Aim: a gnoll, wielding a +0 flail (wandering, hasn't noticed you, 61% to hit)
You throw a poisoned dart. The poisoned dart hits the gnoll.
Throw: 13 darts (poison)
Press: ? - help, Q - select action, (/) - cycle Shift-Dir - straight line, f/p - gnoll
Aim: a gnoll, wielding a +0 flail (61% to hit)
You throw a poisoned dart.
The poisoned dart barely misses the gnoll.
Throw: 12 darts (poison)
Press: ? - help, Q - select action, (/) - cycle Shift-Dir - straight line, f/p - gnoll
Aim: a gnoll, wielding a +0 flail (61% to hit)
You throw a poisoned dart.
The poisoned dart closely misses the gnoll.
The poisoned dart barely misses the gnoll.
Throw: 11 darts (poison)
Press: ? - help, Q - select action, (/) - cycle Shift-Dir - straight line, f - gnoll
Aim: a gnoll, wielding a +0 spear (61% to hit)
You throw a poisoned dart. The poisoned dart hits the gnoll.
The gnoll hits you from afar with a +0 spear!
You take 7 damage, and have 9/16 hp.
MASSIVE DAMAGE!!
You see here a +0 club.
You start resting.
A gnoll is nearby!
Throw: 10 darts (poison)
Press: ? - help, Q - select action, (/) - cycle Shift-Dir - straight line, f/p - gnoll
Aim: a gnoll, wielding a +0 spear (61% to hit)
You throw a poisoned dart. The poisoned dart hits the gnoll.
The gnoll is poisoned.
Throw: 9 darts (poison)
Press: ? - help, Q - select action, (/) - cycle Shift-Dir - straight line, f/p - gnoll
Aim: a gnoll, wielding a +0 spear (poisoned, 61% to hit)
You throw a poisoned dart. The poisoned dart hits the gnoll.
The gnoll looks even sicker.
The gnoll hits you from afar with a +0 spear!
Ouch! That really hurt!
You die...

#(.##### ####(.# ..#(.#
# #.#..###### #
#.#.......#
######.#(#####.#
......)#.....#.########
#........g...#.#......#
#.(..<.......#.#@#
.........#...#.#.#
+##....#).g#.#.#g####.#
#......#...#.(......#
#....#...#...#.######
#####..#..##.#.#
##..####.#.#
####..#####.#.#
#.).........#.#


You could see a gnoll (very poisoned).

Vanquished Creatures
  2 gnolls (D:2)
  2 worms (D:2)
  2 ball pythons (D:1)
  A giant cockroach (D:1)
  4 goblins (D:1)
  4 hobgoblins
  7 kobolds
  4 bats (D:1)
  3 frilled lizards (D:1)
  4 rats (D:1)
33 creatures vanquished.

Notes
Turn   | Place    | Note
-------+----------+-------------------------------------------
     0 | D:1      | jasper the Spriggan Necromancer began the quest for the
                  | Orb.
     0 | D:1      | Reached XP level 1. HP: 9/9 MP: 5/5
   315 | D:1      | Reached skill level 1 in Short Blades
   592 | D:1      | Reached XP level 2. HP: 9/13 MP: 2/6
   633 | D:1      | Learned a level 1 spell: Animate Skeleton
   879 | D:1      | Reached skill level 4 in Stealth
  1601 | D:1      | Reached XP level 3. HP: 16/16 MP: 8/8
  2616 | D:2      | Reached skill level 5 in Stealth
  2963 | D:2      | Slain by a gnoll

Illustrated notes

Levels and vault maps discovered:
D:1:      psy_arrival_dodecagon, layout_basic
D:2:      layout_basic, dk_noncrumbling_2, grunt_ministairs_3, hex_tiny,
          minmay_pentomino_q4, uniq_sigmund

Skill      XL: |  1  2  3 |
---------------+----------+-----
Short Blades   | 1 2 |  2.6
Stealth        | 4 5 |  5.1
Dodging        | |  2.6
Spellcasting   | |  2.6
Necromancy     | |  3.6

Action                   || total
-------------------------++-------
Melee: Short sword       ||    19
Throw: Dart              ||    13
 Cast: Pain              ||    72
 Stab: Sleeping          ||     2
Armor: Robe              ||     2
Dodge: Dodged            ||    32

Table legend: (Time is in decaauts)
 A = Elapsed time spent in this place.
 B = Non-inter-level travel time spent in this place.
 C = Inter-level travel time spent in this place.
 D = Time resting spent in this place.
 E = Time spent auto-exploring this place.
 F = Levels seen in this place.
 G = Mean time per level.
                   A        B        C        D        E       F      G
               +--------+--------+--------+--------+--------+-----+--------+
         Total |   2549 |   2471 |     78 |    464 |   1729 |   2 | 1274.5 |
       Dungeon |   2549 |   2471 |     78 |    464 |   1729 |   2 | 1274.5 |
               +--------+--------+--------+--------+--------+-----+--------+

Top non-repeatable levels by time:
     D:1: 1644 daAuts
     D:2: 904 daAuts
